 Dungeon Crawl Stone Soup version 0.31-a0-1540-g5a0b83f448 (webtiles) character file.

Game seed: 9669731388554924936

243 voltaire321 the Chopper (level 5, -4/43 HPs)
             Began as a Demonspawn Gladiator on Jan 1, 2024.
             Slain by a gnoll
             ... wielding a +0 flail
              (6 damage)
             ... on level 2 of the Dungeon.
             The game lasted 00:01:44 (1278 turns).

voltaire321 the Chopper (Demonspawn Gladiator)      Turns: 1278, Time: 00:01:45

Health: -4/43      AC:  6    Str: 16    XL:     5   Next: 82%
Magic:  5/5        EV: 13    Int:  8    God:
Gold:   59         SH:  0    Dex: 15    Spells: 4/4 levels left

rFire   . . .        a - +0 war axe
rCold   . . .        (no shield)
rNeg    . . .        b - +0 leather armour
rPois   .            c - +0 helmet
rElec   .            (no cloak)
rCorr   .            (no gloves)
SInv    .            (no boots)
Will    .....        (no amulet)
Stlth   +            (no ring)
HPRegen 0.27/turn    (no ring)
MPRegen 0.09/turn

%: no passive effects
@: no status effects
A: claws 1, rugged brown scales 2, ignite blood 1
a: no special abilities


You were on level 2 of the Dungeon.
You visited 1 branch of the dungeon, and saw 2 of its levels.

You collected 59 gold pieces.

Inventory:

Hand Weapons
 a - a +0 war axe (weapon)
Missiles
 d - 3 throwing nets (quivered)
 e - a javelin
Armour
 b - a +0 leather armour (worn)
 c - a +0 helmet (worn)
Jewellery
 f - a ring of poison resistance
Scrolls
 h - a scroll of silence {unknown}
 k - 4 scrolls of identify {unknown}
 l - a scroll of blinking {unknown}
 m - a scroll of teleportation {unknown}
 q - a scroll of enchant armour {unknown}
Potions
 g - 2 potions of might {unknown}
 i - 3 potions of magic {unknown}
 j - a potion of cancellation {unknown}
 n - 2 potions of heal wounds {unknown}
 o - 2 potions of brilliance {unknown}
 p - 4 potions of lignification {unknown}
 r - a potion of attraction {unknown}


   Skills:
 + Level 3.4 Fighting
 + Level 3.8 Axes
 - Level 1.7 Throwing
 + Level 2.3 Armour
 + Level 3.7 Dodging


You had 4 spell levels left.
You didn't know any spells.
Your spell library contained the following spells:

 Spells                   Type           Power      Damage    Failure   Level
 Blink                    Tloc           0%         N/A       61%         2
 Lesser Beckoning         Tloc           0%         N/A       61%         2
 Momentum Strike          Conj/Tloc      0%         3d8       61%         2


Dungeon Overview and Level Annotations

Branches:
Dungeon (2/15)

Altars:


Innate Abilities, Weirdness & Mutations

You have sharp fingernails.
You are mostly covered in rugged brown scales. (AC +2, +5% HP)
Your demonic aura sometimes causes spilled blood to erupt in flames.


Message History

A gnoll comes into view. It is wielding a +0 spear.
The gnoll shouts!
A gnoll comes into view. It is wielding a +0 flail.
A gnoll comes into view. It is wielding a +0 trident.
The gnoll shouts!
Found a whip.
The gnoll hits you with a +0 spear. The gnoll barely misses you.
The gnoll shouts!
You hit the gnoll.
The gnoll is lightly wounded.
You slash the gnoll! The gnoll hits you with a +0 spear.
The gnoll barely misses you.
The gnoll is engulfed in blazing flames.
You kill the gnoll!
The gnoll hits you from afar with a +0 trident!
The gnoll hits you but does no damage.
You slash the gnoll!
You kill the gnoll!
The gnoll closely misses you.
Found a red potion.
The gnoll hits you with a +0 trident! The gnoll closely misses you.
You see here a +0 spear.
The gnoll hits you with a +0 trident. The gnoll hits you with a +0 flail!
* * * LOW HITPOINT WARNING * * *
You slash the gnoll!
The gnoll is heavily wounded.
You completely miss the gnoll.
The gnoll is engulfed in blazing flames.
You kill the gnoll!
The gnoll barely misses you. The gnoll attacks as it pursues you!
The gnoll barely misses you.
You see here a +0 trident.
The gnoll hits you but does no damage.
You closely miss the gnoll. The gnoll hits you with a +0 flail.
* * * LOW HITPOINT WARNING * * *
The gnoll hits you with a +0 flail.
* * * LOW HITPOINT WARNING * * *
You completely miss the gnoll. The gnoll barely misses you.
You closely miss the gnoll. The gnoll hits you but does no damage.
You barely miss the gnoll. The gnoll hits you with a +0 flail.
You die...

#.................†
#.#################
#.# #.# ###.######
#........#
#....###.#
###..))###.#
#.....@).!.#
#.....g....#
#...?....).#
##########.# .# #
.. #. #.######


You could see a gnoll.

Vanquished Creatures
  Sigmund (D:2)
  4 gnolls
  A dart slug (D:1)
  3 ball pythons
  3 endoplasms (D:1)
  3 goblins
  4 hobgoblins
  4 jackals (D:1)
  A quokka (D:1)
  3 bats
  A frilled lizard (D:1)
  3 kobolds
  7 rats
38 creatures vanquished.

Notes
Turn   | Place    | Note
-------+----------+-------------------------------------------
     0 | D:1      | voltaire321 the Demonspawn Gladiator began the quest for
                  | the Orb.
     0 | D:1      | Reached XP level 1. HP: 16/16 MP: 1/1
    79 | D:1      | Gained mutation: You are partially covered in rugged brown
                  | scales. (AC +1, +3% HP) [demonic ancestry]
    79 | D:1      | Reached XP level 2. HP: 8/22 MP: 2/2
   230 | D:1      | Found a faded altar of an unknown god.
   415 | D:1      | Reached skill level 1 in Armour
   454 | D:1      | Gained mutation: You are mostly covered in rugged brown
                  | scales. (AC +2, +5% HP) [demonic ancestry]
   454 | D:1      | Reached XP level 3. HP: 7/29 MP: 3/3
   874 | D:2      | Noticed Sigmund
   887 | D:2      | Killed Sigmund
   888 | D:2      | Gained mutation: You have sharp fingernails. [demonic
                  | ancestry]
   888 | D:2      | Reached XP level 4. HP: 25/36 MP: 4/4
   888 | D:2      | Gained mutation: Your demonic aura sometimes causes spilled
                  | blood to erupt in flames. [demonic ancestry]
   888 | D:2      | Reached XP level 5. HP: 30/43 MP: 5/5
  1275 | D:2      | HP: 1/43 [gnoll/+0 flail (4)]
  1278 | D:2      | Slain by a gnoll

Illustrated notes

Levels and vault maps discovered:
D:1:      spicycebolla_green_bress_n_ham_2, layout_loops_ring,
          shapermc_ecumenical_altar_venn, minmay_pentomino_s4
D:2:      layout_basic, uniq_sigmund

Skill      XL: |  1  2  3 |
---------------+----------+-----
Axes           | 3 |  3.8
Dodging        | 3 |  3.7
Armour         | 1 2 |  2.3
Fighting       | 3 |  3.4
Throwing       | |  1.7

Action                     |  1- 3 |  4- 6 || total
---------------------------+-------+-------++-------
  Melee: War axe           |    62 |    10 ||    72
 Armour: Leather armour    |    42 |    13 ||    55
  Dodge: Dodged            |    52 |     9 ||    61

Table legend: (Time is in decaauts)
 A = Elapsed time spent in this place.
 B = Non-inter-level travel time spent in this place.
 C = Inter-level travel time spent in this place.
 D = Time resting spent in this place.
 E = Time spent auto-exploring this place.
 F = Levels seen in this place.
 G = Mean time per level.
                   A        B        C        D        E       F      G
               +--------+--------+--------+--------+--------+-----+--------+
         Total |   1304 |   1294 |     10 |     90 |    972 |   2 |  652.0 |
       Dungeon |   1304 |   1294 |     10 |     90 |    972 |   2 |  652.0 |
               +--------+--------+--------+--------+--------+-----+--------+

Top non-repeatable levels by time:
     D:1: 742 daAuts
     D:2: 562 daAuts
